[ AOE2 MATCH · #458243747 ]
Team RMBulgarians vs Romans
[ REPLAY ANALYSIS · EXTRACTED FROM THE RECORDED GAME ]
Feudal
13:44
Castle
18:28
Imperial
34:58
| APM avg | 17.7 |
| APM peak | 45 |
| eAPM avg | 10.3 |
| Villagers / military | 70 / 153 |
Focus
⚔️ 29.7% · 🌾 70.3%
Militia ×111 · Konnik ×31 · Battering Ram ×7 · Trade Cart ×6 · Monk ×2 · Trebuchet (Packed) ×2
Feudal
15:40
Castle
26:34
Imperial
46:19
| APM avg | 17.6 |
| APM peak | 59 |
| eAPM avg | 7.9 |
| Villagers / military | 65 / 44 |
Focus
⚔️ 25.4% · 🌾 74.6%
Militia ×29 · Trade Cart ×11 · Composite Bowman ×6 · Fishing Ship ×4 · Knight ×4 · Spearman ×4
Feudal
16:00
Castle
20:20
Imperial
46:57
| APM avg | 14.6 |
| APM peak | 53 |
| eAPM avg | 9.2 |
| Villagers / military | 58 / 47 |
Focus
⚔️ 31.4% · 🌾 68.6%
Centurion ×33 · Fishing Ship ×5 · Trebuchet (Packed) ×4 · Monk ×3 · Scorpion ×3 · Battering Ram ×2
Feudal
14:52
Castle
24:24
Imperial
44:29
| APM avg | 17.7 |
| APM peak | 42 |
| eAPM avg | 9.2 |
| Villagers / military | 54 / 117 |
Focus
⚔️ 45.2% · 🌾 54.8%
Rattan Archer ×32 · Spearman ×29 · Skirmisher ×25 · Battering Ram ×9 · Knight ×8 · Battle Elephant ×5
Match map
Resources at game start + every placement click. Thick line = wall · dashed box = detected house wall. 🟡 gold · ⚪ stone · 🟢 berries · 🔶 boar · ⭕ relic
Inputs per minute
— romandoynov31 - - Markushil
Build order — romandoynov31
First 150 of 244 actions detected
| 0:03 | Create | Villager (Male) |
| 0:09 | Build | House |
| 0:10 | Build | House |
| 0:13 | Create | Villager (Male) |
| 0:13 | Create | Villager (Male) |
| 0:13 | Create | Villager (Male) |
| 0:47 | Build | House |
| 0:49 | Build | House |
| 1:57 | Create | Villager (Male) |
| 1:57 | Create | Villager (Male) |
| 2:47 | Build | Palisade Wall |
| 2:52 | Create | Villager (Male) |
| 2:52 | Create | Villager (Male) |
| 3:49 | Create | Villager (Male) |
| 3:49 | Create | Villager (Male) |
| 3:50 | Create | Villager (Male) |
| 4:50 | Build | Lumber Camp |
| 5:09 | Create | Villager (Male) |
| 5:09 | Create | Villager (Male) |
| 5:46 | Create | Villager (Male) |
| 5:46 | Create | Villager (Male) |
| 6:06 | Build | Mill |
| 7:22 | Create | Villager (Male) |
| 7:22 | Create | Villager (Male) |
| 7:23 | Create | Villager (Male) |
| 8:20 | Create | Villager (Male) |
| 9:14 | Create | Villager (Male) |
| 9:15 | Create | Villager (Male) |
| 10:13 | Create | Villager (Male) |
| 10:17 | Create | Villager (Male) |
| 10:31 | Build | Mining Camp |
| 10:47 | Build | Mill |
| 11:34 | Research | Feudal Age |
| 11:42 | Build | House |
| 11:44 | Build | House |
| 11:53 | Build | Barracks |
| 13:44 | Age | Feudal Age |
| 14:10 | Build | Market |
| 15:06 | Build | Blacksmith |
| 15:48 | Research | Castle Age |
| 16:02 | Build | Mining Camp |
| 16:22 | Research | Horse Collar |
| 16:30 | Research | Double-Bit Axe |
| 17:04 | Build | Farm |
| 17:04 | Build | Farm |
| 17:05 | Build | Farm |
| 17:05 | Build | Farm |
| 17:05 | Build | Farm |
| 17:06 | Build | Farm |
| 17:08 | Build | Farm |
| 17:09 | Build | Farm |
| 17:20 | Create | Villager (Male) |
| 17:29 | Research | Wheelbarrow |
| 17:45 | Build | Farm |
| 18:28 | Age | Castle Age |
| 18:57 | Research | Bow Saw |
| 19:07 | Create | Villager (Male) ×5 |
| 19:39 | Research | Heavy Plow |
| 20:46 | Build | Town Center |
| 20:57 | Create | Militia |
| 20:57 | Create | Militia |
| 20:57 | Create | Militia |
| 20:58 | Create | Militia |
| 21:53 | Create | Villager (Male) |
| 21:54 | Create | Villager (Male) |
| 22:00 | Create | Villager (Male) |
| 22:00 | Create | Villager (Male) |
| 22:01 | Create | Villager (Male) |
| 22:36 | Build | Farm |
| 22:36 | Build | Farm |
| 22:37 | Build | Farm |
| 22:38 | Build | Farm |
| 22:59 | Build | Monastery |
| 23:07 | Create | Villager (Male) |
| 23:07 | Create | Villager (Male) |
| 23:07 | Create | Villager (Male) |
| 23:46 | Build | Building 804 |
| 23:51 | Create | Monk |
| 23:51 | Create | Monk |
| 24:06 | Build | House |
| 24:08 | Build | House |
| 24:09 | Build | House |
| 24:11 | Build | House |
| 24:13 | Build | House |
| 24:16 | Build | House |
| 25:00 | Create | Trade Cart ×5 |
| 25:02 | Create | Trade Cart |
| 25:13 | Create | Villager (Male) |
| 25:13 | Create | Villager (Male) |
| 25:14 | Create | Villager (Male) |
| 25:17 | Create | Villager (Male) |
| 25:18 | Create | Villager (Male) |
| 25:18 | Create | Villager (Male) |
| 25:18 | Create | Villager (Male) |
| 25:19 | Create | Villager (Male) |
| 25:19 | Create | Villager (Male) |
| 25:53 | Build | Castle |
| 26:21 | Create | Villager (Male) |
| 26:22 | Create | Villager (Male) |
| 26:22 | Create | Villager (Male) |
| 26:22 | Create | Villager (Male) |
| 26:29 | Create | Villager (Male) |
| 26:29 | Create | Villager (Male) |
| 26:29 | Create | Villager (Male) |
| 26:50 | Build | Farm |
| 26:50 | Build | Farm |
| 26:50 | Build | Farm |
| 26:51 | Build | Farm |
| 26:51 | Build | Farm |
| 26:51 | Build | Farm |
| 26:52 | Build | Farm |
| 26:52 | Build | Farm |
| 26:52 | Build | Farm |
| 26:55 | Build | Farm |
| 26:55 | Build | Farm |
| 26:55 | Build | Farm |
| 26:56 | Build | Farm |
| 27:11 | Create | Villager (Male) |
| 27:12 | Create | Villager (Male) |
| 27:18 | Research | Gold Mining |
| 27:56 | Build | Farm |
| 27:56 | Build | Farm |
| 27:56 | Build | Farm |
| 27:56 | Build | Farm |
| 27:56 | Build | Farm |
| 27:57 | Build | Farm |
| 27:57 | Build | Farm |
| 27:57 | Build | Farm |
| 28:44 | Build | Barracks |
| 28:45 | Build | Barracks |
| 28:49 | Build | Barracks |
| 29:17 | Research | Hand Cart |
| 29:18 | Create | Villager (Male) |
| 29:18 | Create | Villager (Male) |
| 29:18 | Create | Villager (Male) |
| 29:18 | Create | Villager (Male) |
| 29:19 | Create | Villager (Male) |
| 29:19 | Create | Villager (Male) |
| 29:26 | Create | Villager (Male) |
| 29:27 | Create | Villager (Male) |
| 29:28 | Create | Villager (Male) |
| 31:31 | Research | Imperial Age |
| 31:33 | Create | Villager (Male) |
| 31:34 | Create | Villager (Male) |
| 31:34 | Create | Villager (Male) |
| 31:47 | Build | Farm |
| 31:47 | Build | Farm |
| 31:47 | Build | Farm |
| 31:47 | Build | Farm |
| 31:48 | Build | Farm |
Build order — Markushil
First 150 of 271 actions detected
| 0:07 | Build | House |
| 0:21 | Build | Mill |
| 0:24 | Create | Villager (Male) |
| 0:25 | Create | Villager (Male) |
| 0:25 | Create | Villager (Male) |
| 0:25 | Create | Villager (Male) |
| 0:25 | Create | Villager (Male) |
| 0:55 | Build | Palisade Wall |
| 1:59 | Build | Building 804 |
| 2:18 | Create | Villager (Male) |
| 3:12 | Create | Villager (Male) |
| 3:30 | Create | Villager (Male) |
| 3:59 | Build | House |
| 4:28 | Create | Villager (Male) |
| 4:28 | Create | Villager (Male) |
| 5:01 | Create | Villager (Male) |
| 5:37 | Create | Villager (Male) |
| 6:23 | Build | Mill |
| 6:26 | Create | Villager (Male) |
| 6:27 | Create | Villager (Male) |
| 6:35 | Build | House |
| 6:38 | Build | House |
| 7:34 | Build | Mule Cart |
| 7:57 | Create | Villager (Male) |
| 7:57 | Create | Villager (Male) |
| 8:43 | Build | Mule Cart |
| 8:52 | Create | Villager (Male) |
| 8:52 | Create | Villager (Male) |
| 8:52 | Create | Villager (Male) |
| 9:24 | Build | Dock |
| 9:31 | Create | Villager (Male) |
| 9:58 | Create | Villager (Male) |
| 9:58 | Create | Villager (Male) |
| 9:58 | Create | Villager (Male) |
| 10:12 | Build | House |
| 10:16 | Build | House |
| 10:46 | Create | Fishing Ship |
| 10:55 | Create | Villager (Male) |
| 10:55 | Create | Villager (Male) |
| 10:55 | Create | Villager (Male) |
| 11:18 | Build | Mule Cart |
| 12:49 | Build | Barracks |
| 13:27 | Create | Fishing Ship |
| 13:27 | Create | Fishing Ship |
| 13:30 | Research | Feudal Age |
| 13:33 | Research | Loom |
| 13:52 | Build | Barracks |
| 14:29 | Create | Fishing Ship |
| 14:53 | Build | Mill |
| 15:14 | Build | House |
| 15:19 | Build | House |
| 15:40 | Age | Feudal Age |
| 15:51 | Build | Stone Wall |
| 16:01 | Build | Stable |
| 16:11 | Research | Double-Bit Axe |
| 16:15 | Research | Gold Mining |
| 16:28 | Create | Villager (Male) |
| 16:29 | Create | Villager (Male) |
| 16:29 | Create | Villager (Male) |
| 16:29 | Create | Villager (Male) |
| 17:17 | Build | Stone Wall |
| 17:24 | Research | Stone Mining |
| 17:39 | Build | Mule Cart |
| 17:42 | Create | Villager (Male) |
| 17:43 | Create | Villager (Male) |
| 17:43 | Create | Villager (Male) |
| 17:57 | Build | Mule Cart |
| 18:12 | Build | Stable |
| 18:32 | Build | Mule Cart |
| 18:37 | Research | Horse Collar |
| 19:16 | Build | Mill |
| 19:24 | Build | Farm |
| 19:27 | Build | Farm |
| 19:33 | Build | Farm |
| 19:48 | Build | Market |
| 20:13 | Create | Villager (Male) |
| 20:14 | Create | Villager (Male) |
| 20:14 | Create | Villager (Male) |
| 20:14 | Create | Villager (Male) |
| 21:03 | Build | Farm |
| 21:06 | Build | Farm |
| 21:25 | Create | Trade Cart |
| 21:25 | Create | Trade Cart |
| 21:26 | Create | Trade Cart |
| 21:31 | Build | Fish Trap |
| 21:34 | Build | Fish Trap |
| 21:36 | Build | Fish Trap |
| 21:39 | Build | Fish Trap |
| 22:00 | Build | Farm |
| 22:04 | Build | Farm |
| 22:07 | Create | Villager (Male) |
| 22:07 | Create | Villager (Male) |
| 22:08 | Create | Villager (Male) |
| 22:08 | Create | Villager (Male) |
| 22:16 | Build | Farm |
| 22:28 | Build | House |
| 22:31 | Build | House |
| 22:34 | Build | House |
| 23:37 | Build | Mule Cart |
| 23:45 | Build | Farm |
| 23:48 | Build | Farm |
| 23:51 | Build | Farm |
| 23:54 | Research | Castle Age |
| 24:06 | Build | Blacksmith |
| 24:29 | Research | Tech 906 |
| 24:47 | Research | Arson |
| 24:56 | Research | Fletching |
| 25:18 | Build | Mule Cart |
| 25:24 | Build | Farm |
| 25:30 | Build | Farm |
| 25:36 | Build | Farm |
| 25:45 | Build | Farm |
| 25:51 | Build | Farm |
| 25:59 | Build | House |
| 26:02 | Build | House |
| 26:06 | Build | House |
| 26:14 | Build | Farm |
| 26:18 | Create | Trade Cart |
| 26:18 | Create | Trade Cart |
| 26:22 | Research | Scale Mail Armor |
| 26:25 | Research | Man-at-Arms (upgrade) |
| 26:27 | Research | Pikeman (upgrade) |
| 26:34 | Research | Town Watch |
| 26:34 | Age | Castle Age |
| 26:43 | Research | Squires |
| 26:46 | Research | Gambesons |
| 26:52 | Create | Knight |
| 26:56 | Research | Husbandry |
| 27:15 | Build | Monastery |
| 27:28 | Create | Spearman |
| 27:29 | Create | Spearman |
| 27:43 | Create | Villager (Male) |
| 27:43 | Create | Villager (Male) |
| 27:50 | Build | Town Center |
| 28:04 | Research | Bloodlines |
| 28:14 | Create | Villager (Male) |
| 28:14 | Create | Villager (Male) |
| 28:14 | Create | Villager (Male) |
| 28:14 | Create | Villager (Male) |
| 28:25 | Create | Monk |
| 28:47 | Create | Spearman |
| 28:47 | Create | Spearman |
| 28:49 | Create | Militia |
| 28:49 | Create | Militia |
| 29:24 | Build | Stone Wall |
| 29:30 | Build | Building 673 |
| 29:45 | Create | Knight |
| 29:46 | Create | Knight |
| 29:46 | Create | Knight |
| 29:50 | Create | Militia |
Build order — Big Sam
First 150 of 204 actions detected
| 0:04 | Build | House |
| 0:08 | Build | House |
| 0:10 | Create | Villager (Male) |
| 0:10 | Create | Villager (Male) |
| 0:10 | Create | Villager (Male) |
| 1:07 | Create | Villager (Male) |
| 1:48 | Create | Villager (Male) |
| 2:26 | Build | Lumber Camp |
| 3:09 | Create | Villager (Male) |
| 3:10 | Create | Villager (Male) |
| 3:56 | Create | Villager (Male) |
| 4:37 | Create | Villager (Male) |
| 4:38 | Create | Villager (Male) |
| 4:45 | Build | House |
| 4:59 | Create | Villager (Male) |
| 5:10 | Build | House |
| 5:33 | Create | Villager (Male) |
| 6:09 | Build | Mill |
| 6:14 | Create | Villager (Male) |
| 6:14 | Create | Villager (Male) |
| 6:26 | Create | Villager (Male) |
| 6:49 | Create | Villager (Male) |
| 7:19 | Create | Villager (Male) |
| 7:38 | Create | Villager (Male) |
| 7:38 | Create | Villager (Male) |
| 7:55 | Build | Farm |
| 8:10 | Build | Farm |
| 8:17 | Build | Farm |
| 8:19 | Create | Villager (Male) |
| 8:40 | Build | House |
| 8:44 | Create | Villager (Male) |
| 9:38 | Create | Villager (Male) |
| 9:43 | Build | Farm |
| 9:52 | Create | Villager (Male) |
| 10:06 | Build | Farm |
| 10:26 | Create | Villager (Male) |
| 10:39 | Build | Mining Camp |
| 10:41 | Create | Villager (Male) |
| 11:07 | Build | House |
| 11:27 | Create | Villager (Male) |
| 11:58 | Create | Villager (Male) |
| 12:15 | Create | Villager (Male) |
| 12:39 | Create | Villager (Male) |
| 12:54 | Build | Dock |
| 13:00 | Create | Villager (Male) |
| 13:27 | Build | Lumber Camp |
| 13:35 | Build | Mining Camp |
| 13:45 | Build | Mining Camp |
| 13:50 | Research | Feudal Age |
| 13:55 | Build | Farm |
| 14:13 | Build | House |
| 14:15 | Create | Fishing Ship |
| 14:21 | Build | House |
| 14:56 | Build | House |
| 15:36 | Build | Farm |
| 15:40 | Create | Fishing Ship |
| 16:00 | Age | Feudal Age |
| 16:05 | Build | Market |
| 16:11 | Build | Blacksmith |
| 16:17 | Research | Stone Mining |
| 16:20 | Research | Gold Mining |
| 16:22 | Research | Double-Bit Axe |
| 16:25 | Research | Horse Collar |
| 16:48 | Create | Fishing Ship |
| 17:06 | Build | Farm |
| 17:40 | Research | Castle Age |
| 17:40 | Research | Castle Age |
| 18:02 | Build | Farm |
| 18:18 | Create | Fishing Ship |
| 18:31 | Build | Farm |
| 19:12 | Build | Farm |
| 19:56 | Build | Farm |
| 20:20 | Age | Castle Age |
| 20:26 | Build | Castle |
| 20:29 | Create | Villager (Male) |
| 20:30 | Create | Villager (Male) |
| 20:36 | Research | Heavy Plow |
| 20:53 | Build | Monastery |
| 20:55 | Research | Scale Barding Armor |
| 21:07 | Build | Fish Trap |
| 21:10 | Build | Fish Trap |
| 21:14 | Build | Fish Trap |
| 21:17 | Build | Fish Trap |
| 21:25 | Build | Farm |
| 21:31 | Create | Villager (Male) |
| 21:31 | Create | Villager (Male) |
| 21:43 | Build | Farm |
| 21:55 | Create | Monk |
| 22:04 | Build | Farm |
| 22:09 | Create | Villager (Male) |
| 22:25 | Build | Town Center |
| 22:30 | Create | Villager (Male) |
| 22:39 | Create | Centurion |
| 22:40 | Create | Centurion |
| 22:40 | Create | Centurion |
| 22:40 | Create | Centurion |
| 22:40 | Create | Centurion |
| 22:40 | Create | Centurion |
| 22:41 | Create | Centurion |
| 22:41 | Create | Centurion |
| 23:07 | Research | Bow Saw |
| 23:15 | Create | Fishing Ship |
| 23:19 | Create | Villager (Male) |
| 24:09 | Research | Chain Barding Armor |
| 24:11 | Create | Villager (Male) |
| 24:12 | Create | Villager (Male) |
| 24:31 | Create | Villager (Male) |
| 24:41 | Build | Farm |
| 24:51 | Create | Villager (Male) |
| 25:20 | Build | Siege Workshop |
| 25:31 | Create | Centurion |
| 25:31 | Create | Centurion |
| 26:01 | Create | Centurion |
| 26:07 | Research | Forging |
| 26:15 | Create | Villager (Male) |
| 26:15 | Create | Villager (Male) |
| 26:20 | Create | Battering Ram |
| 26:22 | Create | Scorpion |
| 26:35 | Build | Mining Camp |
| 27:10 | Create | Monk |
| 27:41 | Create | Scorpion |
| 28:28 | Create | Centurion |
| 28:29 | Create | Centurion |
| 29:22 | Create | Centurion |
| 29:22 | Create | Centurion |
| 29:23 | Create | Centurion |
| 31:35 | Create | Battering Ram |
| 31:36 | Create | Scorpion |
| 32:34 | Research | Ballistas |
| 32:55 | Build | Stone Wall |
| 33:36 | Build | Castle |
| 33:42 | Research | Gold Shaft Mining |
| 33:44 | Create | Villager (Male) |
| 33:44 | Create | Villager (Male) |
| 33:56 | Create | Villager (Male) |
| 33:57 | Create | Villager (Male) |
| 34:04 | Build | Town Center |
| 34:09 | Create | Monk |
| 35:01 | Research | Fletching |
| 36:30 | Build | Farm |
| 37:04 | Build | Stone Wall |
| 37:23 | Build | Stone Wall |
| 37:32 | Build | Barracks |
| 37:47 | Build | University |
| 38:19 | Create | Centurion |
| 38:20 | Create | Centurion |
| 38:20 | Create | Centurion |
| 38:20 | Create | Centurion |
| 38:33 | Research | Murder Holes |
| 38:34 | Research | Fortified Wall (upgrade) |
Build order — Killua Tripalosky
First 150 of 277 actions detected
| 0:07 | Create | Villager (Male) |
| 0:07 | Create | Villager (Male) |
| 0:15 | Build | House |
| 0:56 | Build | Palisade Wall |
| 1:26 | Create | Villager (Male) |
| 1:28 | Create | Villager (Male) |
| 1:28 | Create | Villager (Male) |
| 2:15 | Create | Villager (Male) |
| 2:26 | Build | Outpost |
| 2:35 | Create | Villager (Male) |
| 3:03 | Create | Villager (Male) |
| 3:05 | Create | Villager (Male) |
| 3:29 | Build | Palisade Wall |
| 3:52 | Create | Villager (Male) |
| 4:03 | Build | House |
| 4:05 | Build | House |
| 4:07 | Build | House |
| 4:08 | Build | House |
| 4:15 | Research | Loom |
| 5:09 | Create | Villager (Male) |
| 5:09 | Create | Villager (Male) |
| 5:11 | Create | Villager (Male) |
| 5:43 | Create | Villager (Male) |
| 5:44 | Create | Villager (Male) |
| 6:15 | Create | Villager (Male) |
| 7:05 | Build | Mill |
| 7:56 | Build | Mill |
| 8:15 | Create | Villager (Male) |
| 8:17 | Create | Villager (Male) |
| 8:42 | Create | Villager (Male) |
| 8:43 | Create | Villager (Male) |
| 8:59 | Build | Lumber Camp |
| 9:14 | Create | Villager (Male) |
| 9:15 | Create | Villager (Male) |
| 10:37 | Build | Farm |
| 10:40 | Build | Farm |
| 10:42 | Create | Villager (Male) |
| 11:05 | Create | Villager (Male) |
| 11:22 | Build | Farm |
| 11:45 | Build | House |
| 11:47 | Build | House |
| 11:48 | Build | House |
| 12:17 | Create | Villager (Male) |
| 12:19 | Research | Feudal Age |
| 12:51 | Build | Mining Camp |
| 14:08 | Build | House |
| 14:10 | Build | House |
| 14:12 | Build | House |
| 14:13 | Build | House |
| 14:52 | Age | Feudal Age |
| 14:52 | Create | Villager (Male) |
| 14:53 | Create | Villager (Male) |
| 14:57 | Research | Double-Bit Axe |
| 15:00 | Research | Horse Collar |
| 15:02 | Research | Gold Mining |
| 15:02 | Research | Stone Mining |
| 15:10 | Create | Villager (Male) |
| 15:22 | Research | Wheelbarrow |
| 15:31 | Create | Villager (Male) |
| 15:32 | Create | Villager (Male) |
| 15:56 | Research | Town Watch |
| 15:57 | Create | Villager (Male) |
| 15:57 | Create | Villager (Male) |
| 15:57 | Create | Villager (Male) |
| 15:59 | Create | Villager (Male) |
| 16:22 | Build | Farm |
| 16:30 | Build | Farm |
| 17:30 | Build | Mining Camp |
| 17:45 | Build | Farm |
| 17:58 | Build | Market |
| 18:14 | Build | Blacksmith |
| 18:25 | Create | Villager (Male) |
| 18:26 | Create | Villager (Male) |
| 18:45 | Create | Villager (Male) |
| 18:45 | Create | Villager (Male) |
| 18:54 | Build | Farm |
| 19:18 | Build | Barracks |
| 19:24 | Build | Barracks |
| 19:26 | Build | Barracks |
| 19:55 | Build | Farm |
| 20:01 | Build | Farm |
| 20:05 | Build | Farm |
| 20:10 | Build | Farm |
| 20:17 | Create | Villager (Male) |
| 20:18 | Create | Villager (Male) |
| 20:19 | Create | Villager (Male) |
| 20:20 | Research | Castle Age |
| 21:08 | Build | Stone Wall |
| 21:13 | Build | Building 487 |
| 21:24 | Build | Archery Range |
| 21:25 | Build | Archery Range |
| 22:18 | Build | Archery Range |
| 22:26 | Create | Trade Cart |
| 22:37 | Build | Farm |
| 22:39 | Build | Farm |
| 23:47 | Build | Stable |
| 24:24 | Age | Castle Age |
| 24:30 | Build | Stable |
| 24:38 | Build | Castle |
| 24:53 | Create | Skirmisher |
| 24:53 | Create | Skirmisher |
| 24:54 | Create | Skirmisher |
| 25:13 | Research | Stone Shaft Mining |
| 25:14 | Create | Villager (Male) |
| 25:14 | Create | Villager (Male) |
| 25:15 | Research | Hand Cart |
| 25:18 | Research | Heavy Plow |
| 25:21 | Research | Bow Saw |
| 25:39 | Research | Elite Skirmisher (upgrade) |
| 26:10 | Build | University |
| 26:17 | Create | Spearman |
| 26:18 | Create | Spearman |
| 27:00 | Research | Squires |
| 27:44 | Create | Battle Elephant |
| 27:44 | Create | Battle Elephant |
| 27:47 | Research | Pikeman (upgrade) |
| 27:48 | Create | Spearman |
| 27:48 | Create | Spearman |
| 27:48 | Create | Spearman |
| 27:48 | Create | Spearman |
| 27:49 | Create | Spearman |
| 27:49 | Create | Spearman |
| 27:49 | Create | Spearman |
| 27:54 | Create | Rattan Archer |
| 27:55 | Create | Rattan Archer |
| 27:55 | Create | Rattan Archer |
| 27:55 | Create | Rattan Archer |
| 28:24 | Build | Monastery |
| 28:27 | Research | Fortified Wall (upgrade) |
| 28:30 | Research | Murder Holes |
| 28:31 | Research | Treadmill Crane |
| 29:24 | Build | Farm |
| 29:36 | Research | Husbandry |
| 29:37 | Create | Knight |
| 29:37 | Create | Knight |
| 29:37 | Create | Knight |
| 29:37 | Create | Knight |
| 30:19 | Build | Stone Wall |
| 30:23 | Build | Stone Wall |
| 30:52 | Create | Spearman |
| 30:52 | Create | Spearman |
| 30:52 | Create | Spearman |
| 30:53 | Create | Spearman |
| 31:29 | Create | Monk |
| 31:31 | Research | Ballistics |
| 32:00 | Create | Villager (Male) |
| 32:00 | Create | Villager (Male) |
| 32:01 | Create | Villager (Male) |
| 33:27 | Build | Farm |
| 33:52 | Build | Siege Workshop |
Match timeline
| 0:55 | Markushil · wall_segment Palisade Wall x7 |
| 0:56 | Killua Tripalosky · wall_segment Palisade Wall x6 |
| 2:47 | romandoynov31 · wall_segment Palisade Wall x15 |
| 3:29 | Killua Tripalosky · wall_segment Palisade Wall x7 |
| 9:24 | Markushil · first_building Dock |
| 11:53 | romandoynov31 · first_building Barracks |
| 12:49 | Markushil · first_building Barracks |
| 12:54 | Big Sam · first_building Dock |
| 13:44 | romandoynov31 · age_up feudal |
| 14:52 | Killua Tripalosky · age_up feudal |
| 15:40 | Markushil · age_up feudal |
| 15:51 | Markushil · wall_segment Stone Wall x7 |
| 16:00 | Big Sam · age_up feudal |
| 16:01 | Markushil · first_building Stable |
| 17:17 | Markushil · wall_segment Stone Wall x4 |
| 18:28 | romandoynov31 · age_up castle |
| 19:18 | Killua Tripalosky · first_building Barracks |
| 20:20 | Big Sam · age_up castle |
| 20:26 | Big Sam · first_building Castle |
| 20:53 | Big Sam · first_building Monastery |
| 21:08 | Killua Tripalosky · wall_segment Stone Wall x8 |
| 21:24 | Killua Tripalosky · first_building Archery Range |
| 22:59 | romandoynov31 · first_building Monastery |
| 23:47 | Killua Tripalosky · first_building Stable |
| 24:24 | Killua Tripalosky · age_up castle |
| 24:38 | Killua Tripalosky · first_building Castle |
| 25:20 | Big Sam · first_building Siege Workshop |
| 25:53 | romandoynov31 · first_building Castle |
| 26:34 | Markushil · age_up castle |
| 27:15 | Markushil · first_building Monastery |
| 28:24 | Killua Tripalosky · first_building Monastery |
| 29:24 | Markushil · wall_segment Stone Wall x9 |
| 30:19 | Killua Tripalosky · wall_segment Stone Wall x1 |
| 30:23 | Killua Tripalosky · wall_segment Stone Wall x1 |
| 30:57 | Markushil · first_building Castle |
| 31:57 | Markushil · wall_segment Stone Wall x1 |
| 32:55 | Big Sam · wall_segment Stone Wall x7 |
| 33:04 | romandoynov31 · first_building Siege Workshop |
| 33:52 | Killua Tripalosky · first_building Siege Workshop |
| 34:58 | romandoynov31 · age_up imperial |
| 37:04 | Big Sam · wall_segment Stone Wall x1 |
| 37:23 | Big Sam · wall_segment Stone Wall x2 |
| 37:32 | Big Sam · first_building Barracks |
| 39:23 | Big Sam · wall_segment Stone Wall x7 |
| 42:34 | Big Sam · wall_segment Stone Wall x19 |
| 44:20 | Big Sam · wall_segment Stone Wall x1 |
| 44:29 | Killua Tripalosky · age_up imperial |
| 46:00 | Big Sam · wall_segment Stone Wall x4 |
| 46:07 | Big Sam · wall_segment Stone Wall x3 |
| 46:19 | Markushil · age_up imperial |
| 46:28 | romandoynov31 · first_building Krepost |
| 46:57 | Big Sam · age_up imperial |
| 46:57 | Big Sam · wall_segment Stone Wall x2 |
| 47:33 | Big Sam · wall_segment Stone Wall x1 |
| 50:43 | Big Sam · resign |
[ AI ANALYSIS · 1 CREDIT ]
What really happened in this match?
Wolo.gg analyzes every decision: build order, eco, micro, common mistakes by bracket. Personalized analysis on WhatsApp or Discord in 30 seconds.
Civ guide
Bulgarians
Map guide
Black Forest
Perfil
Jugador #24470513